 Seeded DCSS version 0.24-a0-640-ge7cd8ce (webtiles) character file.

Game seed: 6468206503815388291, levelgen mode: deterministic

2992124 Anathematize the Conqueror (level 27, 273/273 HPs)
             Began as a Minotaur Fire Elementalist on Sept 23, 2019.
             Was the Champion of Trog.
             Escaped with the Orb
             ... and 5 runes on Sept 24, 2019!
             The game lasted 04:07:58 (78219 turns).

Anathematize the Conqueror (MiFE)                  Turns: 78219, Time: 04:07:59

Health: 273/273    AC: 49    Str: 28    XL:     27
Magic:  24/24      EV: 20    Int: 16    God:    Trog [******]
Gold:   5540       SH: 26    Dex: 20    Spells: 28/28 levels left

rFire    + + .     SeeInvis +   w - +8 broad axe (vamp)
rCold    + + .     Gourm    .   F - +2 shield of Ashenzari's Regard {rF+ Int+4}
rNeg     + . .     Faith    .   i - +10 gold dragon scales
rPois    +         Spirit   .   t - +3 crown of Dyrovepreva {rElec Int+2 SInv}
rElec    +         Reflect  +   v - +0 cloak {MR+}
rCorr    .         Harm     .   o - +1 pair of gloves
MR       +++++                  q - +1 pair of boots {run}
Stlth    ..........             A - +5 amulet of reflection
HPRegen  0.55/turn              W - ring "Racethran" {rElec MR+ Str+4}
MPRegen  0.19/turn              R - ring "Ukuhulas" {+Blink rN+ Dex+5}

@: hasted (expiring), very quick
A: retaliatory headbutt, hooves 1, horns 2, slimy green scales 1, agile 1, cold
resistance 1, dopey 1, magic resistance 1, mutation resistance 1, no potion heal
1
0: Orb of Zot
}: 5/15 runes: barnacled, slimy, silver, abyssal, gossamer
a: Berserk, Trog's Hand, Brothers in Arms, Renounce Religion, Evoke Blink


You escaped.
You worshipped Trog.
Trog was exalted by your worship.
You were not hungry.

You visited 10 branches of the dungeon, and saw 52 of its levels.
You visited the Abyss 1 time.
You visited 1 bazaar.
You also visited: Ice Cave and Desolation.

You collected 8830 gold pieces.
You spent 3290 gold pieces at shops.

Inventory:

Hand Weapons
 w - a +8 vampiric broad axe (weapon)
 I - a +2 antimagic broad axe
 J - the +8 hand crossbow "Kagau" {elec, rElec Str+6 Dex-3 Stlth-}
   (Trog gifted it to you in the Desolation of Salt)

   It charges the ammunition it shoots with electricity; occasionally upon a
   hit, such missiles may discharge and cause terrible harm.
   It affects your strength (+6).
   It affects your dexterity (-3).
   It insulates you from electricity.
   It makes you less stealthy.
Missiles
 j - 21 curare-tipped darts
 B - 59 silver javelins (quivered)
 M - 2721 bolts
Armour
 i - +10 gold dragon scales (worn)
 o - a +1 pair of gloves (worn)
 q - a +1 pair of boots of running (worn)
 t - the +3 crown of Dyrovepreva (worn) {rElec Int+2 SInv}
   (You bought it in a shop on level 2 of the Orcish Mines)

   It affects your intelligence (+2).
   It insulates you from electricity.
   It lets you see invisible.
 v - a +0 cloak of magic resistance (worn)
 F - the +2 shield of Ashenzari's Regard (worn) {rF+ Int+4}
   (You found it on level 3 of the Spider Nest)

   It affects your intelligence (+4).
   It protects you from fire.
 N - a +1 pair of boots of flying
Jewellery
 e - an uncursed ring of protection from cold
 n - a +3 ring of strength {unknown}
 r - the ring of Foffyvyo {-Tele rC++ EV+2 Dex+3}
   (You found it on level 2 of the Depths)

   [ring of evasion]

   It affects your evasion (+2).
   It affects your dexterity (+3).
   It greatly protects you from cold.
   It prevents most forms of teleportation.
 u - an uncursed ring of resist corrosion
 A - a +5 amulet of reflection (around neck)
 H - an uncursed amulet of regeneration
 K - an uncursed ring of protection from fire
 R - the ring "Ukuhulas" (right hand) {+Blink rN+ Dex+5}
   (You found it in the Desolation of Salt)

   [ring of positive energy]

   It affects your dexterity (+5).
   It protects you from negative energy.
   It lets you blink.
 W - the ring "Racethran" (left hand) {rElec MR+ Str+4}
   (You found it in the Desolation of Salt)

   [ring of protection from magic]

   It affects your strength (+4).
   It insulates you from electricity.
   It affects your resistance to hostile enchantments.
 X - the ring "Soduesh" {rN+ AC+1 SInv}
   (You found it in the Desolation of Salt)

   [ring of protection]

   It affects your AC (+1).
   It protects you from negative energy.
   It lets you see invisible.
 Z - an uncursed amulet of the acrobat
Wands
 C - a wand of acid (36)
 E - a wand of digging (7)
Scrolls
 g - 13 scrolls of identify
 l - 19 scrolls of remove curse
 y - 2 scrolls of brand weapon
 z - a scroll of enchant armour
 G - a scroll of enchant weapon
 O - 4 scrolls of silence
 P - 7 scrolls of teleportation
 S - 4 scrolls of fog
 T - 3 scrolls of fear
 Y - a scroll of summoning
Potions
 a - 3 potions of magic
 b - 5 potions of cancellation
 d - 5 potions of curing
 f - 7 potions of flight
 h - 7 potions of berserk rage
 k - 7 potions of lignification
 m - a potion of might
 p - 5 potions of ambrosia
 s - 9 potions of brilliance
 D - a potion of agility
 L - 2 potions of invisibility
 Q - 2 potions of haste
 U - 4 potions of mutation
 V - 8 potions of heal wounds
Miscellaneous
 x - 5 phantom mirrors
Comestibles
 c - 84 rations


   Skills:
 O Level 27 Fighting
 - Level 18.0 Axes
 - Level 10.0 Crossbows
 * Level 21.6 Throwing
 - Level 25.0 Armour
 - Level 20.8 Dodging
 - Level 1.5 Stealth
 - Level 25.0 Shields
 - Level 1.3 Spellcasting
   Level 0.6 Conjurations
   Level 2.1 Fire Magic


You had 28 spell levels left.
You didn't know any spells.
Your spell library contained the following spells:

 Spells                   Type           Power        Failure   Level  Hunger
 Flame Tongue             Conj/Fire      #....        65%         1    ##.....
 Throw Flame              Conj/Fire      #.....       80%         2    ###....
 Corona                   Hex            #......      83%         1    ##.....
 Ensorcelled Hibernation  Hex/Ice        #.....       93%         2    ###....
 Conjure Flame            Conj/Fire      #.......     95%         3    ####...
 Inner Flame              Hex/Fire       #.......     96%         3    ####...
 Confuse                  Hex            #.......     99%         3    ####...
 Dazzling Spray           Conj/Hex       #.....       99%         3    ####...
 Tukima's Dance           Hex            #.......     99%         3    ####...
 Sticky Flame             Conj/Fire      #.......     100%        4    #####..
 Fireball                 Conj/Fire      #.........   100%        5    ######.


Dungeon Overview and Level Annotations

Branches:
Dungeon (15/15)            Temple (1/1) D:5            Lair (6/6) D:10
 Shoals (4/4) Lair:2       Spider (4/4) Lair:3        Slime (5/5) Lair:6
    Orc (2/2) D:10            Elf (0/3) Orc:2        Vaults (5/5) D:14
  Crypt (0/3) Vaults:3     Depths (5/5) D:15            Zot (5/5) Depths:5
  IceCv (visited)         Desolation (visited)

Altars:
Ashenzari
Cheibriados
Elyvilon
Hepliaklqana
Kikubaaqudgha
Makhleb
Nemelex Xobeh
Okawaru
Sif Muna
Trog
Uskayaw
Yredelemnul
Zin
The Shining One
Beogh
Jiyva
Lugonu

Shops:
D:9 =   D:13 !   D:15 ?}(   Orc:2 (*:[   Shoals:1 =   Vaults:1 =(%   Vaults:2 (
Vaults:3 [   Depths:1 ((   Depths:4 (

Portals:
Hell: Depths:1 Depths:2 Depths:3 Depths:4 Depths:5
Abyss: Depths:1 Depths:3 Depths:4
Pandemonium: Depths:3 Depths:4
Ziggurat: Depths:1
Trove: Depths:5 (give +7 demon trident)

Annotations:
D:2 exclusion: 2 downstairs
D:8 exclusion: 2 downstairs
D:11 2 transporters, Para's ghost, journeyman MiBe
Lair:2 3 runed translucent doors, Ciovowug's ghost, journeyman DrTm
Lair:4 exclusion: downstairs
Shoals:2 1 runed translucent door, AtomicRavioli's ghost, adept OgFi
Depths:2 3 runed translucent doors


Innate Abilities, Weirdness & Mutations

You reflexively headbutt those who attack you in melee.
You have a pair of horns on your head.
You have large cloven feet.
You are partially covered in slimy green scales. (AC +2)
You are agile. (Dex +2)
Your flesh is cold resistant. (rC+)
You are dopey. (Int -2)
You are resistant to hostile enchantments. (MR+)
You are somewhat resistant to further mutation.
Potions are less effective at restoring your health.


Message History

There is a stone staircase leading up here.
You climb upwards.
There is a stone staircase leading down here.
There is a stone staircase leading up here.
You climb upwards.
There is a stone staircase leading down here.
There is a stone staircase leading up here.
You climb upwards.
There is a stone staircase leading down here.
There is a stone staircase leading up here.
You climb upwards.
Level annotation: exclusion: 2 downstairs
There is a stone staircase leading down here.
There is a stone staircase leading up here.
You climb upwards.
There is a stone staircase leading down here.
You feel yourself speed up.
Your extra speed is starting to run out.
There is a staircase leading out of the dungeon here.
You have escaped!

....#...########.####.......##.##
..........####.....##............
...........##.#8≈8#.#............
...........##.#≈≈≈#.#.###........
...........##.#8≈8#.#.# #........
............#.#≈≈≈#.#.# #......##
............#.#8≈8#.#.# #####....
............##.....##.### ##...
............###.@.###...######...
..##........####### #.......##...
..##.............####............
..##....#.....#....##............
..##....#.....#....###.#.........
..##....#..........###...........
....#####........................
....### #####.........#........#.
......#####...........#..........


There were no monsters in sight!

Vanquished Creatures
  the Royal Jelly (Slime:5)
  Dissolution (Slime:2)
  An ancient lich (Zot:5)
  11 orbs of fire
  Mara (Spider:4)
  Boris (Depths:4)
  Bai Suzhen (Spider:4)
  Saint Roka (Depths:4)
  3 Killer Klowns
  Xtahua (Depths:5)
  5 curse toes
  5 caustic shrikes
  10 golden dragons
  Arachne (Spider:3)
  A bone dragon (Depths:5)
  2 electric golems (Zot:5)
  18 tentacled monstrosities
  25 Orb Guardians (Zot:5)
  6 liches
  3 titans (Vaults:5)
  11 quicksilver dragons
  39 acid blobs
  An Executioner (Abyss:3)
  7 death cobs
  4 tentacled starspawn
  4 sphinxes
  4 shadow dragons
  Agnes (D:14)
  12 tengu reavers
  8 draconian monks
  16 storm dragons
  10 azure jellies
  9 ghost moths
  11 vault wardens
  6 frost giants
  15 fire giants
  Roxanne (Spider:4)
  An iron dragon (Vaults:5)
  A ghost moth (shapeshifter) (Vaults:3)
  5 draconian knights
  2 deep elf sorcerers
  An orc warlord (Vaults:3)
  An imperial myrmidon (Desolation)
  A deep elf elementalist (Vaults:5)
  7 draconian scorchers
  A balrug (Depths:3)
  A ghoul (Vaults:4)
  7 draconian shifters
  A cacodemon (Abyss:3)
  3 emperor scorpions (Spider:4)
  4 spriggan defenders
  4 draconian annihilators
  5 draconian stormcallers
  15 ironheart preservers
  19 very ugly things
  3 vampire knights
  11 stone giants
  A deep elf demonologist (Vaults:3)
  5 entropy weavers
  9 green draconians
  10 black draconians
  A deep elf annihilator (Vaults:5)
  27 purple draconians
  10 red draconians
  A dire elephant (shapeshifter) (Vaults:5)
  7 spark wasps
  6 white draconians
  7 yellow draconians
  4 merfolk javelineers
  6 fire dragons
  2 eidola
  A blizzard demon (Depths:1)
  A deep elf death mage (Depths:4)
  A green death (Depths:4)
  Snorg (D:13)
  10 ettins
  8 death oozes
  6 ragged hierophants (Desolation)
  13 merfolk impalers
  A jiangshi (Vaults:3)
  A crystal guardian (Desolation)
  17 ogre magi
  4 deep elf high priests
  15 great orbs of eyes
  10 servants of whispers (Desolation)
  19 yaktaur captains
  6 hydras
  22 vault guards
  13 ice dragons
  10 peacekeepers (Desolation)
  5 spriggan air magi
  2 monstrous demonspawn
  3 catoblepae (Lair:6)
  17 centaur warriors
  11 rakshasas
  3 death knights
  13 large abominations
  A satyr (Shoals:2)
  3 merfolk avatars
  9 merfolk aquamancers
  58 two-headed ogres
  7 death yaks
  A hell hog (Abyss:1)
  9 deep troll earth magi
  7 death scarabs (Spider:4)
  7 spriggan berserkers
  5 tengu warriors
  12 deep troll shamans
  2 thrashing horrors
  2 sun demons (Depths:3)
  A shock serpent (shapeshifter) (Vaults:3)
  Urug (Orc:2)
  13 small abominations
  11 deep elf knights
  3 wretched stars
  6 hell knights
  2 sixfirhies (Abyss:3)
  4 flayed ghosts
  12 sea snakes
  A shadow wraith (Vaults:1)
  A salamander mystic (Depths:5)
  A storm dragon skeleton (Vaults:4)
  A titan skeleton (Vaults:3)
  4 glowing orange brains
  2 skeletal warriors
  4 unseen horrors
  30 deep trolls
  A shadow demon (Abyss:3)
  7 spatial maelstroms
  6 wizards
  23 ironbrand convokers
  2 spectral wolf spiders (Spider:4)
  10 orc knights
  5 deep elf archers
  Pikel (D:9)
  5 phantasmal warriors
  A harpy (shapeshifter) (Vaults:3)
  4 harpies (Shoals:1)
  A kraken simulacrum (Shoals:4)
  2 salamanders (shapeshifter)
  6 necromancers
  3 wolf spider zombies (Spider:4)
  3 orc sorcerers
  17 deep elf magi
  8 manticores
  An orb spider (shapeshifter) (Vaults:2)
  3 cyclopes (shapeshifter)
  8 fauns
  6 shining eyes
  A shining eye (shapeshifter) (D:14)
  A stone giant zombie (Vaults:4)
  13 cyclopes
  23 orb spiders
  2 salamanders (Depths:5)
  41 ugly things
  32 wolf spiders
  Joseph (D:9)
  An ice statue (IceCv)
  A black mamba (Lair:4)
  A guardian serpent (Desolation)
  30 moths of wrath
  8 merfolk sirens
  2 eyes of devastation
  2 smoke demons
  6 water nymphs
  2 gargoyles
  2 molten gargoyles (Desolation)
  11 vault sentinels
  4 elephants (Lair:6)
  4 orange demons
  4 rime drakes
  A spiny frog (shapeshifter) (Vaults:2)
  A hellion (Abyss:3)
  A redback zombie (Spider:4)
  14 spiny frogs
  5 spectral redbacks (Spider:4)
  8 torpor snails
  2 human zombies (Vaults:4)
  A kobold demonologist (D:5)
  59 yaktaurs
  6 freezing wraiths
  24 demonic crawlers
  A yaktaur skeleton (Vaults:3)
  An ice devil (Depths:4)
  12 komodo dragons
  5 ancient zymes
  2 queen bees (shapeshifter) (Vaults:3)
  8 tengu conjurers
  A tormentor (Abyss:3)
  3 hellwings (Depths:1)
  A catoblepas skeleton (Abyss:3)
  3 meliai (D:12)
  2 queen bees
  46 jumping spiders
  8 trolls
  14 tyrant leeches
  23 merfolk
  3 spectral jumping spiders (Spider:4)
  3 wind drakes
  12 polar bears
  A wind drake (shapeshifter) (Vaults:2)
  21 hornets
  A hornet (shapeshifter) (Depths:2)
  3 jumping spider zombies (Spider:4)
  A polar bear (shapeshifter) (D:14)
  57 saltlings (Desolation)
  4 spectral tarantellas (Spider:4)
  5 blink frogs (Lair:6)
  9 raiju
  120 slime creatures
  2 hippogriffs (shapeshifter)
  20 hippogriffs
  18 snapping turtles
  16 dream sheep
  A centaur simulacrum (D:14)
  2 flying skulls
  An ettin skeleton (Vaults:4)
  27 water elementals
  4 wraiths
  A shadow (D:9)
  43 tarantellas
  A tarantella (shapeshifter) (Vaults:4)
  4 ynoxinuls
  60 redbacks
  2 spriggans (shapeshifter)
  4 wyverns
  A vampire (D:13)
  9 humans (D:14)
  9 spriggans
  Grum (D:11)
  2 basilisks
  A fire bat (shapeshifter) (Depths:3)
  9 golden eyes
  70 yaks
  3 neqoxecs
  2 hungry ghosts
  3 vampire mosquitoes (D:14)
  A chaos spawn (Abyss:2)
  8 wargs
  15 spatial vortices
  2 swamp worms (Lair:5)
  3 acid dragons
  Duvessa (D:7)
  8 porcupines
  A floating eye (shapeshifter) (Depths:5)
  A swamp worm (shapeshifter) (Vaults:5)
  9 water moccasins
  A human skeleton (Vaults:4)
  2 floating eyes
  A spectral hornet (Spider:4)
  40 orc warriors
  9 eyes of draining
  3 sky beasts
  A meliai simulacrum (D:14)
  8 ice beasts
  2 black bears
  5 phantoms
  13 wolves
  42 ogres
  3 boggarts (Depths:3)
  16 centaurs
  A necrophage (D:13)
  8 crocodiles
  4 big kobolds
  25 bullfrogs
  An earth elemental (Abyss:3)
  A water moccasin zombie (D:7)
  5 scorpions
  Dowan (D:7)
  60 killer bees
  A wight (D:6)
  6 electric eels
  A howler monkey (D:9)
  11 crimson imps
  8 starcursed masses (Abyss:1)
  2 centaur zombies
  5 jellies
  A quasit (D:6)
  A bullfrog zombie (D:5)
  10 hounds
  7 centaur skeletons
  2 human simulacra
  14 orc priests
  An iron imp (Abyss:2)
  24 orc wizards
  4 bullfrog skeletons
  5 iguanas
  Natasha (thrice) (D:2)
  10 worker ants
  A worker ant zombie (D:11)
  A howler monkey skeleton (D:10)
  12 adders
  6 shadow imps
  15 white imps
  An ufetubus (Abyss:1)
  2 adder skeletons
  An adder zombie (D:8)
  A dart slug (D:1)
  2 leopard geckos
  87 orcs
  4 bats
  2 giant cockroaches
  6 goblins
  7 hobgoblins
  12 jackals
  22 kobolds
  7 quokkas
  3 ball pythons
  2 frilled lizards
  2 jackal skeletons
  2 quokka skeletons
  4 rats
  2 crawling corpses (Vaults:5)
  3 fungi (Lair:6)
  A lurking horror (Abyss:3)
  4 starspawn tentacles
2631 creatures vanquished.

Vanquished Creatures (collateral kills)
  Sojobo (Vaults:2)
  Boris (Vaults:5)
  A golden dragon (Vaults:5)
  the Enchantress (Depths:3)
  Rupert (Lair:3)
  Jorgrun (D:13)
  A titan (Vaults:5)
  Frances (D:14)
  4 tengu reavers
  An orc warlord (Orc:2)
  A vault warden (Vaults:4)
  2 frost giants
  An imperial myrmidon (Desolation)
  A deep elf sorcerer (Vaults:5)
  A curse skull (Vaults:3)
  An ironheart preserver (Vaults:4)
  A very ugly thing (Vaults:5)
  An entropy weaver (Spider:4)
  A halazid warlock (Desolation)
  An ettin (Vaults:5)
  8 vault guards (Vaults:5)
  A large abomination (Vaults:5)
  Harold (D:9)
  A yaktaur captain (Vaults:4)
  A spriggan air mage (Depths:3)
  A death yak (IceCv)
  A death scarab (Spider:4)
  A spriggan berserker (Depths:3)
  An orc high priest (Orc:2)
  Nergalle (Orc:2)
  A deep elf knight (Vaults:2)
  A deep troll (Vaults:5)
  An ironbrand convoker (Vaults:3)
  A deep elf mage (D:13)
  A wolf spider (Spider:4)
  4 orc knights
  2 cyclopes
  A vault sentinel (Vaults:4)
  Psyche (D:10)
  A yaktaur (Vaults:2)
  3 polar bears (IceCv)
  2 hornets (Depths:3)
  3 saltlings (Desolation)
  A slime creature (D:14)
  3 redbacks
  3 spriggans (Depths:3)
  A tarantella (Spider:4)
  2 yaks
  A vampire mosquito (D:14)
  A warg (Orc:2)
  6 orc warriors (Orc:2)
  An ogre (Orc:2)
  A centaur (D:9)
  A boggart (Depths:3)
  A bullfrog (D:14)
  An orc priest (Orc:2)
  4 orc wizards (Orc:2)
  7 orcs (Orc:2)
97 creatures vanquished.

Vanquished Creatures (others)
  Asterion (Spider:3)
  An ironheart preserver (Vaults:3)
  A yaktaur captain (Depths:5)
  A vault guard (D:14)
  5 centaur warriors
  An unseen horror (Vaults:1)
  6 deep elf archers
  A necromancer (Depths:3)
  2 cyclopes
  A vault sentinel (Vaults:2)
  13 yaktaurs
  2 jumping spiders
  A tarantella (Spider:4)
  A small abomination (Abyss:2)
  An orc warrior (Depths:4)
  2 slaves (D:9)
  3 wolves (IceCv)
  2 ogres (Depths:2)
  13 centaurs
  A kobold (D:12)
  10 fungi
  2 pillars of salt (Vaults:2)
  12 plants
  12 starspawn tentacles
  3 tentacles (Shoals:4)
98 creatures vanquished.

Grand Total: 2826 creatures vanquished

Notes
Turn   | Place    | Note
-------+----------+-------------------------------------------
     0 | D:1      | Anathematize the Minotaur Fire Elementalist began the quest
                  | for the Orb.
     0 | D:1      | Reached XP level 1. HP: 14/14 MP: 1/1
    33 | D:1      | Reached skill level 1 in Fighting
  1054 | D:2      | Reached XP level 2. HP: 24/24 MP: 0/3
  1104 | D:2      | Noticed Natasha
  1254 | D:2      | Reached skill level 1 in Axes
  1551 | D:2      | Reached skill level 2 in Fighting
  1620 | D:2      | Reached XP level 3. HP: 26/29 MP: 4/4
  1736 | D:2      | Found a glowing silver altar of Zin.
  1809 | D:2      | Killed Natasha
  1809 | D:2      | Reached skill level 1 in Throwing
  1856 | D:3      | Noticed a phantom
  2033 | D:2      | Noticed Natasha
  2037 | D:2      | Killed Natasha
  2037 | D:2      | Reached XP level 4. HP: 37/37 MP: 5/5
  2083 | D:2      | Noticed Natasha
  2089 | D:2      | Killed Natasha
  2105 | D:3      | Reached skill level 3 in Fighting
  2151 | D:3      | Reached XP level 5. HP: 40/45 MP: 6/6
  2250 | D:2      | Killed a phantom
  2417 | D:3      | Noticed an ogre
  2427 | D:3      | Killed an ogre
  2427 | D:3      | Reached skill level 5 in Axes
  2427 | D:3      | Reached XP level 6. HP: 52/52 MP: 7/7
  2531 | D:3      | Reached skill level 4 in Fighting
  2982 | D:3      | Found a shattered altar of Ashenzari.
  2986 | D:3      | Saw a vision of the Shoals and the Spider Nest.
  2986 | D:3      | Noticed a wolf spider
  2986 | D:3      | Noticed a wolf spider
  2986 | D:3      | Noticed a hippogriff
  2986 | D:3      | Noticed a merfolk
  2986 | D:3      | Noticed a merfolk
  2988 | D:3      | Noticed a redback
  3992 | D:4      | Reached XP level 7. HP: 30/60 MP: 8/8
  4590 | D:5      | Entered Level 5 of the Dungeon
  4690 | D:5      | Found a staircase to the Ecumenical Temple.
  4696 | Temple   | Entered the Ecumenical Temple
  4708 | Temple   | Became a worshipper of Trog the Wrathful
  4829 | D:5      | Reached skill level 1 in Armour
  4884 | D:5      | Reached skill level 5 in Fighting
  5233 | D:5      | Reached XP level 8. HP: 28/69 MP: 9/9
  5267 | D:5      | Found a shattered altar of Ashenzari.
  5267 | D:5      | Found an ancient bone altar of Kikubaaqudgha.
  5621 | D:6      | Noticed a two-headed ogre
  5660 | D:5      | Killed a two-headed ogre
  5660 | D:5      | Reached skill level 6 in Fighting
  5660 | D:5      | Reached skill level 5 in Throwing
  5870 | D:5      | Reached * piety under Trog
  6035 | D:5      | Reached XP level 9. HP: 78/78 MP: 10/10
  6361 | D:6      | Noticed a kobold demonologist
  6364 | D:6      | Noticed a soul eater
  6462 | D:5      | Killed a kobold demonologist
  6462 | D:5      | Reached skill level 7 in Fighting
  6526 | D:6      | Reached skill level 5 in Armour
  6749 | D:6      | Reached skill level 10 in Axes
  7541 | D:7      | Reached ** piety under Trog
  7697 | D:7      | Noticed Dowan
  7722 | D:7      | Killed Dowan
  8008 | D:7      | Reached skill level 8 in Fighting
  8095 | D:7      | Noticed a cyan ugly thing
  8102 | D:7      | Killed a cyan ugly thing
  8102 | D:7      | Reached XP level 10. HP: 88/88 MP: 11/11
  8375 | D:7      | Noticed Duvessa
  8402 | D:7      | Killed Duvessa
  8402 | D:7      | Reached skill level 1 in Crossbows
  8765 | D:8      | Reached *** piety under Trog
  8968 | D:8      | Found a shimmering blue altar of Sif Muna.
  8972 | D:8      | Found an iron altar of Okawaru.
 10170 | D:9      | Noticed Joseph
 10194 | D:9      | Killed Joseph
 10194 | D:9      | Reached skill level 9 in Fighting
 10517 | D:8      | Reached **** piety under Trog
 10781 | D:9      | Reached skill level 5 in Dodging
 11012 | D:9      | Noticed Harold
 11068 | D:9      | Killed Harold
 11068 | D:9      | Reached XP level 11. HP: 28/97 MP: 12/12
 11947 | D:9      | Found a basalt altar of Yredelemnul.
 11964 | D:9      | Noticed Pikel
 11983 | D:9      | Killed Pikel
 12154 | D:9      | Found a hide-covered altar of Uskayaw.
 12301 | D:9      | Found Giburgh's Jewellery Boutique.
 12481 | D:10     | Entered Level 10 of the Dungeon
 12507 | D:10     | Noticed Psyche
 12514 | D:10     | Killed Psyche
 12514 | D:10     | Received a gift from Trog
 12601 | D:10     | Killed an unseen horror
 12914 | D:10     | Found a staircase to the Orcish Mines.
 12914 | D:10     | Noticed a two-headed ogre
 12934 | D:10     | Killed a two-headed ogre
 13173 | D:10     | Reached skill level 10 in Fighting
 13280 | D:10     | Found a staircase to the Lair.
 13307 | D:10     | Reached skill level 5 in Crossbows
 14204 | Lair:1   | Entered Level 1 of the Lair of Beasts
 14233 | Lair:1   | Received a gift from Trog
 14531 | Lair:1   | Upgraded the game from 0.24-a0-639-gb70a11d to
                  | 0.24-a0-640-ge7cd8ce
 14656 | Lair:1   | Noticed an eight-headed hydra
 15108 | Lair:1   | Killed an eight-headed hydra
 15108 | Lair:1   | Reached XP level 12. HP: 107/107 MP: 13/13
 15908 | Lair:2   | Found a runed translucent gate.
 15909 | Lair:2   | Found a runed translucent gate.
 15910 | Lair:2   | Found a runed translucent gate.
 15910 | Lair:2   | Noticed a death ooze
 15912 | Lair:2   | Noticed Ciovowug's ghost (journeyman DrTm)
 16396 | Lair:2   | Found a staircase to the Shoals.
 17338 | Lair:3   | Found a hole to the Spider Nest.
 17388 | Lair:3   | Noticed Rupert
 17400 | Lair:3   | Killed Rupert
 17400 | Lair:3   | Reached skill level 11 in Fighting
 17932 | Lair:4   | Reached skill level 10 in Armour
 18181 | Lair:4   | Reached skill level 15 in Axes
 18643 | Lair:4   | Received a gift from Trog
 18958 | Lair:5   | Noticed an eight-headed hydra
 19791 | D:11     | Noticed Grum
 19803 | D:11     | Reached XP level 13. HP: 116/116 MP: 14/14
 19809 | D:11     | Killed Grum
 19937 | D:11     | Found a transporter.
 19938 | D:11     | Noticed Para's ghost (journeyman MiBe)
 20188 | D:11     | Found a transporter.
 20193 | D:11     | Identified the +6 great mace "Ucaw" {flame, rF+ rN+ MR-}
 22111 | D:13     | Reached ***** piety under Trog
 22134 | D:13     | Reached skill level 12 in Fighting
 22685 | D:13     | Noticed Jorgrun
 23084 | D:13     | Found Dohimm's Distillery.
 23289 | D:13     | Killed Jorgrun
 23703 | Orc:1    | Entered Level 1 of the Orcish Mines
 23817 | Orc:1    | Received a gift from Trog
 23893 | Orc:1    | Found a roughly hewn altar of Beogh.
 23922 | Orc:1    | Found a frozen archway.
 23963 | IceCv    | Entered an ice cave
 24045 | IceCv    | Received a gift from Trog
 24728 | IceCv    | Reached XP level 14. HP: 113/127 MP: 15/15
 24926 | IceCv    | Noticed a frost giant
 24942 | IceCv    | Killed a frost giant
 25214 | Orc:1    | Found a burning altar of Makhleb.
 25345 | Orc:2    | Entered Level 2 of the Orcish Mines
 25374 | Orc:2    | Found a staircase to the Elven Halls.
 25686 | Orc:2    | Noticed Nergalle
 25699 | Orc:2    | Reached skill level 10 in Dodging
 25705 | Orc:2    | Killed Nergalle
 25976 | Orc:2    | Noticed an orc warlord
 25991 | Orc:2    | Killed an orc warlord
 26012 | Orc:2    | Noticed Urug
 26025 | Orc:2    | Killed Urug
 26110 | Orc:2    | Found a roughly hewn altar of Beogh.
 26190 | Orc:2    | Found Utuexkiuzi's General Store.
 26195 | Orc:2    | Found Qymatesh's Antique Weapon Boutique.
 26483 | Orc:2    | Bought a scroll of teleportation for 54 gold pieces
 26483 | Orc:2    | Bought a scroll of identify for 36 gold pieces
 26483 | Orc:2    | Bought a scroll of identify for 36 gold pieces
 26605 | Orc:2    | Found Tylomy's Antique Armour Boutique.
 26611 | Orc:2    | Bought the +3 crown of Dyrovepreva {rElec Int+2 SInv} for
                  | 1076 gold pieces
 26611 | Orc:2    | Found the +3 crown of Dyrovepreva {rElec Int+2 SInv}
 26620 | Orc:2    | Bought a glowing cloak for 195 gold pieces
 26634 | Orc:2    | Found Runurch's Book Boutique.
 26820 | Orc:2    | Received a gift from Trog
 27110 | D:14     | Reached skill level 13 in Fighting
 27157 | D:14     | Noticed Frances
 27171 | D:14     | Killed Frances
 27171 | D:14     | Received a gift from Trog
 27236 | D:14     | Received a gift from Trog
 27309 | D:14     | Found a runed translucent door.
 27309 | D:14     | Noticed Snorg
 27567 | D:14     | Reached skill level 10 in Crossbows
 27622 | D:14     | Found a gate to the Vaults.
 27827 | D:14     | Reached skill level 1 in Shields
 27892 | D:14     | Gained mutation: You are dopey. (Int -2) [a shining eye]
 28042 | D:14     | Noticed Agnes
 28061 | D:13     | Killed Snorg
 28173 | D:14     | Killed Agnes
 28324 | D:15     | Entered Level 15 of the Dungeon
 28363 | D:15     | Reached XP level 15. HP: 100/136 MP: 16/16
 28660 | D:15     | Found Vuenox's Antique Weapon Shop.
 28728 | D:15     | Found Voecitei's Gadget Shoppe.
 28756 | D:15     | Reached skill level 5 in Shields
 28951 | D:15     | Found Oxehast's Magic Scroll Shoppe.
 29066 | D:15     | Bought a scroll of teleportation for 39 gold pieces
 29066 | D:15     | Bought a scroll of teleportation for 39 gold pieces
 29118 | D:15     | Found a staircase to the Depths.
 29527 | D:15     | Received a gift from Trog
 29761 | D:15     | Reached skill level 14 in Fighting
 30421 | Spider:1 | Entered Level 1 of the Spider Nest
 31253 | Spider:1 | Received a gift from Trog
 33265 | Spider:2 | Got a scorched bone ring
 33342 | Spider:2 | Reached skill level 10 in Shields
 33376 | Spider:2 | Reached XP level 16. HP: 147/147 MP: 17/17
 33558 | Spider:2 | Received a gift from Trog
 34225 | Spider:3 | Received a gift from Trog
 34752 | Spider:3 | Reached skill level 15 in Fighting
 34994 | Spider:3 | Received a gift from Trog
 35086 | Spider:3 | Identified the ring of the Hero {*Tele Int+2} (You found it
                  | on level 2 of the Spider Nest)
 35231 | Spider:4 | Entered Level 4 of the Spider Nest
 35336 | Shoals:1 | Entered Level 1 of the Shoals
 35821 | Shoals:1 | Found Wuap's Jewellery Boutique.
 36458 | Shoals:1 | Received a gift from Trog
 37439 | Shoals:2 | Received a gift from Trog
 37471 | Shoals:2 | Found a runed translucent door.
 37472 | Shoals:2 | Noticed AtomicRavioli's ghost (adept OgFi)
 38394 | Shoals:3 | Reached skill level 15 in Armour
 38631 | Shoals:3 | Reached XP level 17. HP: 142/157 MP: 18/18
 39130 | Shoals:4 | Entered Level 4 of the Shoals
 40184 | Shoals:4 | Reached skill level 16 in Fighting
 40669 | Shoals:4 | Received a gift from Trog
 41732 | Shoals:4 | Got a barnacled rune of Zot
 42104 | Vaults:1 | Entered Level 1 of the Vaults
 42474 | Vaults:1 | Found Qixzued's Food Boutique.
 42476 | Vaults:1 | Found Wuravaab's Antique Weapon Boutique.
 42540 | Vaults:1 | Found Poehin's Jewellery Emporium.
 42574 | Vaults:1 | Received a gift from Trog
 42634 | Vaults:1 | Bought an uncursed ring of poison resistance for 300 gold
                  | pieces
 42689 | Vaults:1 | Reached skill level 15 in Shields
 42751 | Vaults:1 | Received a gift from Trog
 43482 | Vaults:1 | Reached XP level 18. HP: 168/168 MP: 19/19
 43845 | Vaults:1 | Reached ****** piety under Trog
 43845 | Vaults:1 | Received a gift from Trog
 44103 | Vaults:1 | Reached skill level 17 in Fighting
 44880 | Vaults:2 | Received a gift from Trog
 44965 | Vaults:2 | Noticed Sojobo
 45009 | Vaults:2 | Killed Sojobo
 45011 | Vaults:2 | Received a gift from Trog
 45031 | Vaults:2 | Found Xiats's Weapon Boutique.
 45102 | Vaults:2 | Found a ruined gateway.
 45111 | Desolati | Entered the Desolation of Salt
 45624 | Desolati | Got a scorched golden ring
 46001 | Desolati | Received a gift from Trog
 46059 | Desolati | Reached XP level 19. HP: 143/178 MP: 20/20
 46116 | Desolati | Got a warped steel ring
 46118 | Desolati | Got a warped bone ring
 46256 | Desolati | Received a gift from Trog
 46290 | Desolati | Reached skill level 15 in Dodging
 46378 | Desolati | Received a gift from Trog
 46384 | Desolati | Got a crude hand crossbow {god gift}
 47126 | D:15     | Bought a scroll of identify for 26 gold pieces
 47126 | D:15     | Bought a scroll of identify for 26 gold pieces
 47126 | D:15     | Bought a scroll of identify for 26 gold pieces
 47126 | D:15     | Identified the ring "Ukuhulas" {+Blink rN+ Dex+5} (You
                  | found it in the Desolation of Salt)
 47129 | D:15     | Identified the ring "Racethran" {rElec MR+ Str+4} (You
                  | found it in the Desolation of Salt)
 47131 | D:15     | Identified the ring "Soduesh" {rN+ AC+1 SInv} (You found it
                  | in the Desolation of Salt)
 47396 | Vaults:2 | Reached skill level 18 in Fighting
 48064 | Vaults:2 | Received a gift from Trog
 48401 | Vaults:3 | Identified the +8 hand crossbow "Kagau" {elec, rElec Str+6
                  | Dex-3 Stlth-} (Trog gifted it to you in the Desolation of
                  | Salt)
 48549 | Vaults:3 | Found Orudiaj's Antique Armour Shoppe.
 48611 | Vaults:3 | Found a staircase to the Crypt.
 49295 | Vaults:3 | Reached XP level 20. HP: 189/189 MP: 21/21
 49821 | Vaults:3 | Received a gift from Trog
 50292 | Vaults:4 | Received a gift from Trog
 50668 | Vaults:4 | Reached skill level 19 in Fighting
 51224 | Vaults:4 | Received a gift from Trog
 51469 | Vaults:4 | Identified the +12 trident "Giuskal" {protect, Str-3 Int+6}
 52067 | Vaults:4 | Received a gift from Trog
 52834 | Spider:4 | Reached XP level 21. HP: 199/199 MP: 12/22
 52908 | Spider:4 | Identified the +2 shield of Ashenzari's Regard {rF+ Int+4}
 52908 | Spider:4 | Noticed Asterion
 52910 | Spider:4 | Noticed Bai Suzhen
 52922 | Spider:3 | Killed Asterion
 53234 | Spider:4 | Killed Bai Suzhen
 53334 | Spider:4 | Identified Roxanne's Tome of Transformation
 53334 | Spider:4 | Noticed Roxanne
 53357 | Spider:4 | Noticed Mara
 53384 | Spider:4 | Killed Roxanne
 53619 | Spider:4 | Noticed Arachne
 53724 | Spider:3 | Killed Arachne
 53724 | Spider:3 | Received a gift from Trog
 53835 | Spider:4 | Noticed Anathematize's illusion
 53849 | Spider:4 | Killed Mara
 54774 | Spider:4 | Got a gossamer rune of Zot
 55077 | Depths:1 | Entered Level 1 of the Depths
 55144 | Depths:1 | Found a gateway to a ziggurat.
 55282 | Depths:1 | Found Kiozuix's Weapon Shoppe.
 55287 | Depths:1 | Found Uwiosasi's Weapon Shoppe.
 55298 | Depths:1 | Received a gift from Trog
 55795 | Depths:1 | Found a gateway to Hell.
 55846 | Depths:1 | Found the +9 heavy crossbow "Sniper" {velocity, Acc+∞ SInv}
 55975 | Depths:1 | Reached skill level 20 in Fighting
 56029 | Depths:1 | Found a corrupted altar of Lugonu.
 56030 | Depths:1 | Found a one-way gate to the infinite horrors of the Abyss.
 56241 | Depths:2 | Found a runed translucent door.
 56249 | Depths:2 | Received a gift from Trog
 56286 | Depths:2 | Found a runed translucent door.
 56286 | Depths:2 | Found a runed translucent door.
 56303 | Depths:2 | Found a runed translucent door.
 56315 | Depths:2 | Identified a +1 pair of boots of running (You found it on
                  | level 2 of the Depths)
 56318 | Depths:2 | Got a scorched copper ring
 56353 | Depths:2 | Identified the ring of Foffyvyo {-Tele rC++ EV+2 Dex+3}
                  | (You found it on level 2 of the Depths)
 56784 | Depths:2 | Received a gift from Trog
 56804 | Depths:2 | Received a gift from Trog
 57193 | Depths:2 | Reached XP level 22. HP: 209/209 MP: 23/23
 57891 | Depths:3 | Found a one-way gate leading to the halls of Pandemonium.
 57922 | Depths:3 | Received a gift from Trog
 58215 | Depths:3 | Received a gift from Trog
 58300 | Depths:3 | Received a gift from Trog
 58324 | Depths:3 | Received a gift from Trog
 58454 | Depths:3 | Received a gift from Trog
 58700 | Depths:3 | Noticed the Enchantress
 58711 | Depths:3 | Killed the Enchantress
 59643 | Depths:4 | Noticed Saint Roka
 59650 | Depths:4 | Received a gift from Trog
 59660 | Depths:4 | Noticed Boris
 59675 | Depths:4 | Killed Saint Roka
 59675 | Depths:4 | Reached skill level 21 in Fighting
 59681 | Depths:4 | Killed Boris
 59812 | Depths:4 | Reached XP level 23. HP: 220/220 MP: 24/24
 59899 | Depths:4 | Received a gift from Trog
 60180 | Depths:4 | Received a gift from Trog
 60189 | Depths:4 | Identified the +9 glaive "Plog" {venom, +Rage rPois MR-
                  | Str+3}
 60408 | Depths:4 | Found Keipeorph's Antique Weapon Shop.
 60624 | Depths:5 | Entered Level 5 of the Depths
 60643 | Depths:5 | Received a gift from Trog
 60689 | Depths:5 | Found a flickering gateway to a bazaar.
 60712 | Bazaar   | Entered a bazaar
 60721 | Bazaar   | Found Joasoiff's Antique Armour Shop.
 60732 | Bazaar   | Found Umuimeli's Gadget Shop.
 60766 | Bazaar   | Bought a pair of glowing boots for 187 gold pieces
 60766 | Bazaar   | Bought a diamond-encrusted plate armour for 700 gold pieces
 60766 | Bazaar   | Bought an embroidered cloak for 187 gold pieces
 60766 | Bazaar   | Bought a pair of runed boots for 187 gold pieces
 60768 | Bazaar   | Identified the +1 plate armour of Purpose {rN+} (You bought
                  | it in a shop in a bazaar)
 60866 | Bazaar   | Bought a wand of acid (7) for 176 gold pieces
 61093 | Depths:5 | Found a gate to the Realm of Zot.
 61094 | Depths:5 | Noticed Xtahua
 61295 | Depths:5 | Noticed a caustic shrike
 61299 | Depths:5 | Killed Xtahua
 61307 | Depths:5 | Noticed a caustic shrike
 61309 | Depths:5 | Killed a caustic shrike
 61317 | Depths:5 | Noticed a caustic shrike
 61322 | Depths:5 | Killed a caustic shrike
 61340 | Depths:4 | Killed a caustic shrike
 61379 | Depths:5 | Noticed a caustic shrike
 61409 | Depths:5 | Killed a caustic shrike
 61521 | Depths:5 | Noticed a caustic shrike
 61538 | Depths:5 | Killed a caustic shrike
 61558 | Depths:5 | Received a gift from Trog
 61631 | Depths:5 | Identified the +3 triple crossbow of Trog's Reproof {elec,
                  | rN+ Int+3 Dex-2 Stlth+} (Trog gifted it to you on level 5
                  | of the Depths)
 61876 | Depths:5 | Found a portal to a secret trove of treasure.
 62325 | Vaults:5 | Entered Level 5 of the Vaults
 62396 | Vaults:5 | Noticed Boris
 62416 | Vaults:5 | Reached XP level 24. HP: 230/230 MP: 24/24
 62417 | Vaults:5 | Killed Boris
 62462 | Vaults:5 | Reached skill level 22 in Fighting
 62491 | Vaults:5 | Received a gift from Trog
 62523 | Vaults:5 | Received a gift from Trog
 63131 | Vaults:5 | Got a silver rune of Zot
 63152 | Vaults:5 | Identified the ring of Boanishre {*Corrode rElec MR+ Str+4
                  | Stlth-}
 63255 | Vaults:5 | Received a gift from Trog
 63356 | Vaults:5 | Identified the +0 pair of boots of Demons {MP-9 Str+3
                  | Slay+3} (You found it on level 5 of the Vaults)
 63408 | Vaults:5 | Identified the ring "Xaucuomn" {Fire rPois MR+}
 63457 | Vaults:5 | Identified the Guide on Floating Combat Magic
 64150 | Depths:1 | Voluntarily entered the Abyss.
 64150 | Zig:6    | Entered Level 6 of a ziggurat
 64265 | Abyss:1  | Gained mutation: You are very dopey. (Int -4) [a neqoxec]
 64848 | Abyss:2  | Found a basalt altar of Yredelemnul.
 64899 | Abyss:2  | Received a gift from Trog
 64956 | Abyss:2  | Found a runed translucent door.
 64958 | Abyss:2  | Found a runed translucent door.
 64963 | Abyss:2  | Gained mutation: Your magical capacity is low. (-10% MP) [a
                  | neqoxec]
 64983 | Abyss:2  | Found a runed translucent door.
 65041 | Zig:13   | Entered Level 13 of a ziggurat
 65179 | Abyss:3  | Reached skill level 23 in Fighting
 65205 | Abyss:3  | Got an abyssal rune of Zot
 65231 | Abyss:3  | Reached XP level 25. HP: 236/243 MP: 21/21
 65384 | Abyss:3  | Received a gift from Trog
 65497 | Depths:1 | Escaped the Abyss
 65694 | Zot:1    | Entered Level 1 of the Realm of Zot
 65926 | Zot:1    | Noticed an orb of fire
 65949 | Zot:1    | Gained mutation: Your body sometimes deteriorates upon
                  | taking damage. [an orb of fire]
 65952 | Zot:1    | Killed an orb of fire
 66336 | Zot:1    | Reached skill level 10 in Throwing
 67328 | Zot:2    | Received a gift from Trog
 69023 | Zot:3    | Reached XP level 26. HP: 79/254 MP: 3/21
 69566 | Zot:4    | Reached skill level 24 in Fighting
 69621 | Zot:4    | Noticed an orb of fire
 69623 | Zot:4    | Gained mutation: Potions are less effective at restoring
                  | your health. [an orb of fire]
 69639 | Zot:4    | Gained mutation: Potions are poor at restoring your health.
                  | [an orb of fire]
 69651 | Zot:4    | Gained mutation: Your spells are a little easier to cast,
                  | but a little less powerful. [an orb of fire]
 69656 | Zot:4    | Killed an orb of fire
 69744 | Zot:4    | Received a gift from Trog
 69823 | Zot:4    | Received a gift from Trog
 70887 | Zot:5    | Entered Level 5 of the Realm of Zot
 70920 | Zot:5    | Reached skill level 15 in Throwing
 70937 | Zot:5    | Received a gift from Trog
 72280 | Lair:5   | Identified the Disquisition on Dislocation and Conjuration
 72315 | Lair:6   | Entered Level 6 of the Lair of Beasts
 72831 | Lair:6   | Received a gift from Trog
 73218 | Lair:6   | Found a runed translucent door.
 73218 | Lair:6   | Found a viscous altar of Jiyva.
 73219 | Lair:6   | Found a staircase to the Slime Pits.
 73236 | Slime:1  | Entered Level 1 of the Pits of Slime
 73310 | Slime:1  | Reached XP level 27. HP: 264/264 MP: 21/21
 73433 | Slime:1  | Reached skill level 25 in Fighting
 73715 | Slime:2  | Received a gift from Trog
 73826 | Slime:3  | Noticed Dissolution
 73844 | Slime:3  | Paralysed by a floating eye for 2 turns
 74051 | Slime:2  | Killed Dissolution
 74186 | Slime:3  | Gained mutation: Scrolls take you a little longer to read.
                  | [a shining eye]
 74352 | Slime:5  | Entered Level 5 of the Pits of Slime
 74705 | Slime:4  | Paralysed by a floating eye for 4 turns
 74773 | Slime:4  | Received a gift from Trog
 74874 | Slime:5  | Lost mutation: Scrolls take you a little longer to read.
                  | [potion of mutation]
 74874 | Slime:5  | Lost mutation: Your magical capacity is low. (-10% MP)
                  | [potion of mutation]
 74874 | Slime:5  | Lost mutation: Your body sometimes deteriorates upon taking
                  | damage. [potion of mutation]
 74874 | Slime:5  | Lost mutation: You are very dopey. (Int -4) [potion of
                  | mutation]
 74874 | Slime:5  | Gained mutation: You are resistant to hostile enchantments.
                  | (MR+) [potion of mutation]
 74874 | Slime:5  | Gained mutation: Your natural rate of healing is unusually
                  | fast. [potion of mutation]
 74874 | Slime:5  | Gained mutation: You possess an exceptional clarity of
                  | mind. [potion of mutation]
 75155 | Slime:5  | Found a viscous altar of Jiyva.
 75200 | Slime:5  | Noticed the Royal Jelly
 75279 | Slime:5  | Killed the Royal Jelly
 75349 | Slime:5  | Got a slimy rune of Zot
 75375 | Slime:5  | Got a fine bone amulet
 75376 | Slime:5  | Identified the amulet of Yceyli {+Rage rElec MR++} (You
                  | found it on level 5 of the Pits of Slime)
 75546 | Lair:6   | Lost mutation: Your natural rate of healing is unusually
                  | fast. [potion of mutation]
 75546 | Lair:6   | Lost mutation: Your spells are a little easier to cast, but
                  | a little less powerful. [potion of mutation]
 75546 | Lair:6   | Lost mutation: You possess an exceptional clarity of mind.
                  | [potion of mutation]
 75546 | Lair:6   | Gained mutation: You are partially covered in slimy green
                  | scales. (AC +2) [potion of mutation]
 75546 | Lair:6   | Gained mutation: You have large cloven feet. [potion of
                  | mutation]
 76525 | Zot:5    | Noticed an orb of fire
 76531 | Zot:5    | Gained mutation: You occasionally shout uncontrollably at
                  | your foes. [an orb of fire]
 76532 | Zot:5    | Gained mutation: You are somewhat resistant to further
                  | mutation. [an orb of fire]
 76544 | Zot:5    | Killed an orb of fire
 76555 | Zot:5    | Reached skill level 26 in Fighting
 76567 | Zot:5    | Noticed an orb of fire
 76588 | Zot:5    | Killed an orb of fire
 76653 | Zot:5    | Noticed an orb of fire
 76685 | Zot:5    | Killed an orb of fire
 76811 | Zot:5    | Noticed an orb of fire
 76832 | Zot:5    | Killed an orb of fire
 77113 | Zot:5    | Noticed an orb of fire
 77163 | Zot:5    | Noticed an orb of fire
 77177 | Zot:5    | Noticed an orb of fire
 77184 | Zot:5    | Gained mutation: You are partially covered in iridescent
                  | scales. (AC +2) [an orb of fire]
 77193 | Zot:5    | Noticed an orb of fire
 77210 | Zot:5    | Killed an orb of fire
 77211 | Zot:5    | Killed an orb of fire
 77217 | Zot:5    | Killed an orb of fire
 77243 | Zot:5    | Killed an orb of fire
 77289 | Zot:5    | Noticed an ancient lich
 77297 | Zot:5    | Received a gift from Trog
 77302 | Zot:5    | Killed an ancient lich
 77302 | Zot:5    | Reached skill level 27 in Fighting
 77317 | Zot:5    | Noticed an orb of fire
 77348 | Zot:5    | Gained mutation: Your body sometimes deteriorates upon
                  | taking damage. [an orb of fire]
 77372 | Zot:5    | Gained mutation: Scrolls take you a little longer to read.
                  | [an orb of fire]
 77375 | Zot:5    | Gained mutation: You are very dopey. (Int -4) [an orb of
                  | fire]
 77377 | Zot:5    | Killed an orb of fire
 77489 | Zot:5    | Lost mutation: You occasionally shout uncontrollably at
                  | your foes. [potion of mutation]
 77489 | Zot:5    | Lost mutation: You are very dopey. (Int -4) [potion of
                  | mutation]
 77489 | Zot:5    | Lost mutation: Your body sometimes deteriorates upon taking
                  | damage. [potion of mutation]
 77489 | Zot:5    | Gained mutation: Your flesh is cold resistant. (rC+)
                  | [potion of mutation]
 77666 | Zot:5    | Lost mutation: Scrolls take you a little longer to read.
                  | [potion of mutation]
 77666 | Zot:5    | Lost mutation: Potions are poor at restoring your health.
                  | [potion of mutation]
 77666 | Zot:5    | Lost mutation: You are partially covered in iridescent
                  | scales. (AC +2) [potion of mutation]
 77666 | Zot:5    | Gained mutation: You are agile. (Dex +2) [potion of
                  | mutation]
 77668 | Zot:5    | Got the Orb of Zot
 77762 | Zot:1    | Noticed Yleavvan the pandemonium lord
 78219 | D:$      | Escaped with the Orb!

Levels and vault maps discovered:
D:1:      lightli_arrival_statue_moat, layout_basic,
          hangedman_abyss_or_decor_stabs
D:2:      layout_loops_ring, zin_treasury, first_ration, uniq_natasha
D:3:      layout_loops_ring, minmay_strange_pillars, grunt_ashenzari_visionary
          [grunt_ashenzari_visionary_shoals, grunt_ashenzari_visionary_spider]
D:4:      layout_loops_cross
D:5:      layout_basic, gammafunk_temple_overflow_elements,
          minmay_temple_entry_hall, cheibrodos_sewer_entry_sluice
D:6:      cheibrodos_fzero, layout_gridville, minmay_misc_feat_chi,
          lightli_minifort
D:7:      layout_basic, minmay_the_grid_2x2 [minmay_the_grid_minigrid_small_alt,
          minmay_the_grid_minigrid_small, minmay_the_grid_small_cups,
          minmay_the_grid_prize_trominoes], uniq_duvessa
D:8:      layout_basic, grunt_temple_overflow_open
D:9:      layout_cave_pods, nicolae_overflow_crystal_walls, basic_altar,
          serial_shops, kennysheep_mini_moat, david_nohive_1, uniq_pikel,
          uniq_joseph, uniq_harold
D:10:     layout_layer_cave, lair_entry_dummy, minmay_orc_entry_guard_dogs,
          uniq_psyche
D:11:     layout_loops_cross, gammafunk_ghost_smash, minmay_holes, uniq_grum
D:12:     layout_loops_ring, special_room [special_room_bee]
D:13:     layout_rooms, serial_shops, shop, uniq_jorgrun
D:14:     layout_rooms, ximxim_vaults_locker_room, lightli_airlock, uniq_snorg,
          uniq_agnes, uniq_frances
D:15:     hangedman_depths_entry_civil_slaughter, layout_long_grid,
          minmay_misc_feat_roman, serial_shops, shop, shop, shop, special_room
          [special_room_orc]
Temple:   eino_temple_rhombus
Lair:1:   layout_regular_city, serial_bayou, serial_bayou_crossing,
          serial_bayou_shore_a, serial_bayou_ford_a, serial_bayou_lake_a
Lair:2:   layout_big_grid, minmay_shoals_entry_lonely_mermaid,
          gammafunk_ghost_ooze, minivault_26, grunt_megastairs_2,
          infiniplex_staircase_pool_2
Lair:3:   layout_gridlike, spider_nest_entry_a, chequers_serial_rivers_small_3,
          grunt_forest_small_clearing_treed, grunt_megastairs_4,
          lemuel_fruit_tree, lemuel_fruit_fields, uniq_rupert
Lair:4:   layout_cave_pods
Lair:5:   layout_cave_pods, worms_lemuel, serial_bayou_shore_b
Lair:6:   evilmike_catoblepas_cave, layout_regular_city, slime_altar_2,
          st_stairs_11, chequers_serial_rivers_large_b, tgw_fedhas
Shoals:1: layout_shoals, serial_shops, nicolae_shop_waterfront,
          nicolae_shoals_loop_pool
Shoals:2: layout_shoals, gammafunk_ghost_grave
Shoals:3: layout_shoals, hangedman_shoals_cup_caves
Shoals:4: shoals_end_grunt_ice, layout_shoals
Spider:1: layout_spider_delve, nicolae_spider_nook
Spider:2: layout_spider_delve
Spider:3: layout_spider_delve
Spider:4: floodkiller_spider_rune_tomb, uniq_arachne, uniq_mara, uniq_roxanne,
          uniq_asterion, uniq_bai_suzhen
Slime:1:  layout_caves
Slime:2:  layout_caves
Slime:3:  layout_caves, uniq_dissolution
Slime:4:  layout_caves, nicolae_slime_phagocytosis
Slime:5
Orc:1:    layout_caves, basic_altar, portal_ice_cave_entry_imps,
          lemuel_statue_altar
Orc:2:    grunt_orc_cross, layout_caves, mines2_lemuel
Vaults:1: vaults_mumra_hexcomb, ontoclasm_vaults_shuriken, v_misc_15,
          nicolae_vaults_lopsided_apartments, ontoclasm_vaults_pinch,
          nicolae_vaults_triangles, dpeg_vaults_monster_row, vaults_room_grid,
          hangedman_vaults_hat, vaults_standard_mumra_x,
          ontoclasm_vaults_ring_small, v_misc_25, v_misc_23, v_alt_pattern_2,
          ontoclasm_vaults_idyll, nicolae_vaults_little_squares_5,
          layout_vaults_big_cross, serial_shops, shop, nicolae_shop_stone,
          nicolae_shop_trees
Vaults:2: nicolae_vaults_mini_display_case, nicolae_vaults_angled_halls,
          nicolae_vaults_gold_heap, hangedman_vaults_corner, st_lattice,
          nicolae_vaults_ring_of_whatevers, v_misc_27, v_misc_4,
          layout_vaults_omnigrid, portal_desolation_entry_garden, serial_shops,
          nicolae_shop_window_shopping, uniq_sojobo
Vaults:3: v_misc_3, v_alt_pattern_1, vaults_dpeg_encased_lava,
          minmay_crypt_entry_simple_corners, v_misc_2, v_misc_15,
          vaults_standard_mumra_lines, vaults_room_glass_cross,
          vaults_room_grunt_arrival_ludios, v_misc_23, v_misc_2,
          ontoclasm_vaults_idyll, v_misc_25, v_rooms_5, layout_vaults_ring,
          serial_shops, shop
Vaults:4: vaults_room_pools, nicolae_vaults_alarming, v_misc_18, st_octagons_1,
          v_misc_26, v_misc_27, nicolae_vaults_network_quinsquares
          [nicolae_vaults_network_quincunx_subvault,
          nicolae_vaults_network_quincunx_subvault,
          nicolae_vaults_network_quincunx_subvault,
          nicolae_vaults_network_quincunx_subvault], vaults_dpeg_cross,
          vaults_room_stairs_pillars, v_pattern_1, v_alt_pattern_4,
          vaults_dpeg_hooks, v_misc_23, v_misc_14, layout_vaults_maze_bifur
Vaults:5: serial_shops
Depths:1: layout_gridlike, enter_ziggurat_d, nicolae_lava_and_water, hell_entry,
          abyss_entry_flame_altar, minmay_misc_feat_five,
          serial_sigils_hangedman_quiver, kilobyte_mutagenic_chamber,
          minmay_shop_star
Depths:2: impenetrable_vault, layout_cave_pools, hell_entry,
          minmay_staircase_windowed_small, serial_bayou_shore_b,
          serial_bayou_shore_b
Depths:3: grunt_forest_end_chambers, layout_gridlike, lightli_too_deep,
          abyss_entry, hangedman_decor_lopped, pan_entry
Depths:4: minmay_two_paths, layout_gridlike, chequers_serial_rivers_micro_d,
          hangedman_coc_ice_floe, serial_shops, nicolae_shop_crystal,
          abyss_entry_small_statue_room, rand_demon_pan_entry_8,
          infiniplex_staircase_pillars_1, uniq_boris, uniq_saint_roka,
          uniq_enchantress
Depths:5: grunt_zot_entry_funnels, layout_cave_pools, enter_trove_6, hell_entry,
          serial_shops, bzr_entry_gold, minivault_16, lemuel_flame_loot_1,
          uniq_xtahua
Zot:1:    layout_gridlike
Zot:2:    layout_cathedral_of_symmetry, st_single_dragon_hoard_2,
          st_small_dragon_hoard_5
Zot:3:    layout_misc_corridors, zot_minivault_5
Zot:4:    cheibrodos_zot_enchanting_chambers, layout_misc_corridors,
          guppyfry_library_mini
Zot:5:    layout_misc_corridors, skrybe_zot_glass_1

Skill      XL: |  1  2  3  4  5  6  7  8  9 10 11 12 13 14 15 16 17 18 19 20 21 22 23 24 25 26 27 |
---------------+----------------------------------------------------------------------------------+-----
Fighting       | 1 2 3 4 5 6 8 9 10 11 12 13 14 15 16 17 18 19 20 21 23 24 27 | 27.0
Axes           | 1 3 5 6 7 9 11 12 14 15 16 17 18 | 18.0
Throwing       | 1 2 3 4 5 6 8 12 15 21 | 21.6
Armour         | 2 4 6 7 9 10 11 12 13 15 16 17 18 19 20 21 22 23 24 25 | 25.0
Dodging        | 3 5 6 8 9 10 11 12 13 14 15 16 17 18 19 20 | 20.8
Crossbows      | 3 5 7 9 10 | 10.0
Shields        | 4 10 13 15 17 19 20 22 23 24 25 | 25.0
Stealth        | |  1.5
Spellcasting   | |  1.3
Conjurations   | |  0.6
Fire Magic     | |  2.1

Action                   |  1- 3 |  4- 6 |  7- 9 | 10-12 | 13-15 | 16-18 | 19-21 | 22-24 | 25-27 || total
-------------------------+-------+-------+-------+-------+-------+-------+-------+-------+-------++-------
Melee: Unarmed           |     5 |       |       |       |       |       |       |       |       ||     5
       Headbutt          |     4 |     6 |    61 |   158 |   311 |   383 |   485 |   585 |   833 ||  2826
       Hand axe          |    22 |    74 |   359 |   466 |       |       |       |       |       ||   921
       War axe           |       |       |       |   388 |       |       |       |       |       ||   388
       Broad axe         |       |       |       |    17 |  1572 |  1712 |  1696 |  1777 |  2392 ||  9166
 Fire: Hunting sling     |       |    57 |    44 |       |       |       |       |       |       ||   101
       Hand crossbow     |       |       |       |   103 |    67 |    29 |    81 |    14 |    21 ||   315
Throw: Stone             |    32 |       |     1 |       |       |       |       |       |       ||    33
       Dart              |     8 |    18 |    24 |    52 |    37 |     9 |       |       |       ||   148
       Javelin           |       |       |       |       |       |       |       |     9 |    32 ||    41
 Cast: Flame Tongue      |    12 |     9 |       |       |       |       |       |       |       ||    21
Invok: Berserk           |       |       |    13 |    20 |    23 |    18 |    17 |     8 |     8 ||   107
       Trog's Hand       |       |       |       |     4 |     8 |     9 |     7 |     8 |     3 ||    39
       Brothers in Arms  |       |       |       |     4 |     9 |     6 |    14 |     7 |       ||    40
Evoke: Wand              |       |       |       |     1 |       |     1 |     1 |       |     4 ||     7
  Use: Scroll            |       |     6 |     4 |    16 |    11 |    13 |     8 |    14 |    13 ||    85
       Potion            |       |     1 |       |     2 |     3 |     5 |     6 |     4 |    23 ||    44
 Stab: Distracted        |       |       |       |       |       |       |     1 |    11 |       ||    12
       Petrified         |       |       |       |       |       |       |       |       |     1 ||     1
  Eat: Chunk             |     4 |     6 |    21 |    31 |    48 |    58 |    27 |    25 |    25 ||   245
       Ration            |       |       |     1 |     8 |     8 |     2 |    10 |     4 |     8 ||    41
Armor: Robe              |     6 |     7 |       |       |       |       |       |       |       ||    13
       Leather armour    |       |    11 |     1 |       |       |       |       |       |       ||    12
       Ring mail         |       |       |    76 |       |       |       |       |       |       ||    76
       Chain mail        |       |       |    54 |    14 |       |       |       |       |       ||    68
       Plate armour      |       |       |       |   480 |   693 |   513 |   460 |   335 |       ||  2481
       Gold dragon scale |       |       |       |       |       |       |       |   134 |   860 ||   994
       Skin              |       |       |       |       |       |       |       |    10 |     2 ||    12
Dodge: Dodged            |    14 |    59 |   150 |   323 |   900 |   617 |   611 |   622 |   839 ||  4135
Block: Other             |       |       |       |    49 |   191 |       |       |       |       ||   240
       Reflection        |       |       |       |       |    24 |   113 |   147 |    91 |    38 ||   413
       Shield            |       |       |       |       |   211 |  1268 |   949 |  1773 |  2167 ||  6368
       Buckler           |       |       |       |       |   169 |       |       |       |       ||   169
       Large shield      |       |       |       |       |       |       |   885 |       |       ||   885

Table legend:
 A = Non-vault XP
 B = Vault XP
 C = Vault XP percentage of total XP
 D = Non-vault monster count
 E = Vault monster count
 F = Vault count percentage of total count
                 A         B        C        D         E       F
            +---------+---------+-------+---------+---------+-------
      Total |  968459 |  880811 |  47.6 |    1712 |    1010 |  37.1
            +---------+---------+-------+---------+---------+-------
        D:1 |       9 |       0 |   0.0 |       5 |       0 |   0.0
        D:2 |     227 |      35 |  13.4 |      16 |       1 |   5.9
        D:3 |     296 |       0 |   0.0 |      26 |       0 |   0.0
        D:4 |     243 |       0 |   0.0 |      11 |       0 |   0.0
        D:5 |    1781 |     476 |  21.1 |      23 |       5 |  17.9
        D:6 |     387 |     898 |  69.9 |       9 |      15 |  62.5
        D:7 |     859 |    1398 |  61.9 |      14 |      18 |  56.2
        D:8 |    1817 |     299 |  14.1 |      44 |       5 |  10.2
        D:9 |    1647 |    2640 |  61.6 |      28 |      15 |  34.9
       D:10 |    5573 |     720 |  11.4 |      36 |       4 |  10.0
       D:11 |    1514 |     505 |  25.0 |      10 |       4 |  28.6
       D:12 |    5869 |    2442 |  29.4 |      31 |      24 |  43.6
       D:13 |    6093 |    3205 |  34.5 |      37 |       3 |   7.5
       D:14 |    9742 |   12295 |  55.8 |      34 |      23 |  40.4
       D:15 |   10294 |    6989 |  40.4 |      25 |      29 |  53.7
     Lair:1 |    3050 |       0 |   0.0 |      18 |       0 |   0.0
     Lair:2 |    7009 |     829 |  10.6 |      20 |       2 |   9.1
     Lair:3 |    4415 |    2760 |  38.5 |      19 |       6 |  24.0
     Lair:4 |    5627 |     598 |   9.6 |      23 |       2 |   8.0
     Lair:5 |    6400 |    5054 |  44.1 |      18 |      17 |  48.6
     Lair:6 |   11751 |   15248 |  56.5 |      33 |      28 |  45.9
   Shoals:1 |   19406 |       0 |   0.0 |      49 |       0 |   0.0
   Shoals:2 |    5133 |       0 |   0.0 |      12 |       0 |   0.0
   Shoals:3 |   11450 |    6151 |  34.9 |      23 |      12 |  34.3
   Shoals:4 |   11124 |   22089 |  66.5 |      25 |      32 |  56.1
   Spider:1 |   19802 |    4180 |  17.4 |      62 |      12 |  16.2
   Spider:2 |   11951 |       0 |   0.0 |      33 |       0 |   0.0
   Spider:3 |   18026 |    6490 |  26.5 |      48 |       4 |   7.7
   Spider:4 |   16340 |   43771 |  72.8 |      41 |      71 |  63.4
    Slime:1 |   25917 |       0 |   0.0 |      40 |       0 |   0.0
    Slime:2 |   12425 |   14191 |  53.3 |      22 |       1 |   4.3
    Slime:3 |   14799 |       0 |   0.0 |      18 |       0 |   0.0
    Slime:4 |    9626 |       0 |   0.0 |      13 |       0 |   0.0
    Slime:5 |   23199 |   37735 |  61.9 |      37 |      14 |  27.5
      Orc:1 |    2612 |     121 |   4.4 |      30 |      12 |  28.6
      Orc:2 |    2491 |    6358 |  71.8 |      32 |      39 |  54.9
   Vaults:1 |   31020 |   32279 |  51.0 |      59 |      46 |  43.8
   Vaults:2 |   37510 |   27534 |  42.3 |      65 |      28 |  30.1
   Vaults:3 |   53330 |   32211 |  37.7 |      80 |      50 |  38.5
   Vaults:4 |   31501 |   27813 |  46.9 |      45 |      37 |  45.1
   Vaults:5 |   19992 |  106510 |  84.2 |      15 |      83 |  84.7
   Depths:1 |   26974 |     947 |   3.4 |      30 |       4 |  11.8
   Depths:2 |   39211 |   14357 |  26.8 |      68 |      10 |  12.8
   Depths:3 |   37479 |   36217 |  49.1 |      59 |      50 |  45.9
   Depths:4 |   37234 |   43979 |  54.2 |      42 |      34 |  44.7
   Depths:5 |   60468 |   29468 |  32.8 |      54 |      17 |  23.9
      Zot:1 |   54970 |       0 |   0.0 |      30 |       0 |   0.0
      Zot:2 |   32535 |   13206 |  28.9 |      18 |       5 |  21.7
      Zot:3 |   38073 |   17628 |  31.6 |      19 |      11 |  36.7
      Zot:4 |   57299 |   58886 |  50.7 |      31 |      36 |  53.7
      Zot:5 |   62286 |  173469 |  73.6 |      36 |      41 |  53.2
    Abyss:1 |   21422 |     872 |   3.9 |      36 |       4 |  10.0
    Abyss:2 |   12357 |       0 |   0.0 |      20 |       0 |   0.0
    Abyss:3 |   25894 |    7828 |  23.2 |      40 |      13 |  24.5
      IceCv |       0 |   11169 | 100.0 |       0 |      48 | 100.0
 Desolation |       0 |   48961 | 100.0 |       0 |      95 | 100.0
            +---------+---------+-------+---------+---------+-------
